% Time on Ice - RENO LIONS
Lines # - Real PCT - Wanted PCT - Time Play
Normal Forward
1 - 34% - 33% - 17:03
2 - 33% - 33% - 16:35
3 - 23% - 24% - 11:20
4 - 10% - 10% - 4:58
Normal Defense
1 - 36% - 36% - 18:05
2 - 38% - 36% - 18:50
3 - 25% - 23% - 12:31
4 - 1% - 5% - 0:30
PP Forward
1 - 63% - 55% - 1:27
2 - 37% - 45% - 0:52
PP Defense
1 - 52% - 55% - 1:12
2 - 48% - 45% - 1:07
PK Forward
1 - 58% - 55% - 4:32
2 - 42% - 45% - 3:13
PK Defense
1 - 57% - 55% - 4:27
2 - 43% - 45% - 3:18
PK3 Forward
1 - 0% - 55%
2 - 0% - 45%
PK3 Defense
1 - 0% - 55%
2 - 0% - 45%
44 Forward
1 - 0% - 55%
2 - 0% - 45%
44 Defense
1 - 0% - 55%
2 - 0% - 45%
Last Minute Offensive  - 0:00
Last Minute Defensive  - 0:00
Total
Forward - 60:00
Defense - 60:00
% Time on Ice - VANCOUVER VOODOO
Lines # - Real PCT - Wanted PCT - Time Play
Normal Forward
1 - 31% - 31% - 15:24
2 - 29% - 30% - 14:14
3 - 27% - 29% - 13:06
4 - 13% - 10% - 6:39
Normal Defense
1 - 38% - 36% - 18:54
2 - 28% - 33% - 13:47
3 - 34% - 31% - 16:42
4 - 0% - 0% - 0:00
PP Forward
1 - 44% - 50% - 3:24
2 - 56% - 50% - 4:21
PP Defense
1 - 42% - 50% - 3:15
2 - 58% - 50% - 4:30
PK Forward
1 - 81% - 60% - 1:53
2 - 19% - 40% - 0:26
PK Defense
1 - 35% - 58% - 0:48
2 - 65% - 42% - 1:31
PK3 Forward
1 - 0% - 50%
2 - 0% - 50%
PK3 Defense
1 - 0% - 50%
2 - 0% - 50%
44 Forward
1 - 0% - 55%
2 - 0% - 45%
44 Defense
1 - 0% - 50%
2 - 0% - 50%
Last Minute Offensive  - 0:33
Last Minute Defensive  - 0:00
Total
Forward - 60:00
Defense - 60:00
Play-by-Play 1st period 0:01 of 1st period - Elias Pettersson wins face-off versus Travis Zajac in neutral zone. 0:26 of 1st period - Shot by Gustav Nyquist. 0:26 of 1st period - Stopped by Jaroslav Halak without a rebound. 0:27 of 1st period - Adam Gaudette wins face-off versus William Karlsson in RENO LIONS zone. 0:30 of 1st period - Shot by Adam Gaudette. 0:30 of 1st period - Stopped by Jaroslav Halak with a rebound. 0:36 of 1st period - Shot by Adam Gaudette. 0:36 of 1st period - Deflect By Andrew Shaw. 0:36 of 1st period - Stopped by Jaroslav Halak without a rebound. 0:37 of 1st period - Vincent Hinostroza wins face-off versus Victor Rask in RENO LIONS zone. 0:37 of 1st period - Vincent Hinostroza is hit by Brendan Lemieux. 0:45 of 1st period - Jarred Tinordi is hit by Colton Sceviour and loses puck. 0:46 of 1st period - Jarred Tinordi from VANCOUVER VOODOO is injured at 0:46 of 1st period (Right Foot). 0:47 of 1st period - William Karlsson wins face-off versus Mark Jankowski in VANCOUVER VOODOO zone. 0:52 of 1st period - Shot by Blake Coleman. 0:52 of 1st period - Shot Blocked by Paul Byron. 1:03 of 1st period - Blake Coleman is hit by Mike Green and loses puck. 1:12 of 1st period - Shot by William Karlsson. 1:12 of 1st period - Stopped by Braden Holtby without a rebound. 1:13 of 1st period - Leo Komarov wins face-off versus Adam Gaudette in VANCOUVER VOODOO zone. 1:46 of 1st period - Andrew Shaw is hit by Leo Komarov. 1:57 of 1st period - Minor Penalty to Colton Sceviour for Holding. 1:58 of 1st period - Victor Rask wins face-off versus Blake Coleman in RENO LIONS zone. 2:48 of 1st period - Shot by Gustav Nyquist. 2:48 of 1st period - Shot Misses the Net. 3:30 of 1st period - Icing by Josh Manson. 3:31 of 1st period - Blake Coleman wins face-off versus Victor Rask in VANCOUVER VOODOO zone. 3:45 of 1st period - Shot by Josh Manson. 3:45 of 1st period - Goal by Josh Manson - RENO LIONS : 0 - VANCOUVER VOODOO : 1. 3:46 of 1st period - Travis Zajac wins face-off versus Tomas Nosek in neutral zone. 3:50 of 1st period - Travis Zajac is hit by Oliver Ekman-Larsson. 5:18 of 1st period - Icing by Pierre-Luc Dubois. 5:19 of 1st period - Victor Rask wins face-off versus Elias Pettersson in RENO LIONS zone. 5:26 of 1st period - Shot by Elias Pettersson. 5:26 of 1st period - Shot Misses the Net. 6:39 of 1st period - Shot by Anders Lee. 6:39 of 1st period - Stopped by Braden Holtby without a rebound. 6:40 of 1st period - Adam Gaudette wins face-off versus Leo Komarov in VANCOUVER VOODOO zone. 7:06 of 1st period - Minor Penalty to Leo Komarov for Holding. 7:07 of 1st period - Andrew Shaw wins face-off versus Anders Lee in RENO LIONS zone. 9:49 of 1st period - Icing by Ethan Bear. 9:50 of 1st period - Elias Pettersson wins face-off versus Travis Zajac in RENO LIONS zone. 9:52 of 1st period - Icing by Pierre-Luc Dubois. 9:53 of 1st period - Travis Zajac wins face-off versus Elias Pettersson in RENO LIONS zone. 10:06 of 1st period - Shot by Max Domi. 10:06 of 1st period - Stopped by Jaroslav Halak with a rebound. 10:08 of 1st period - Shot by Travis Zajac. 10:08 of 1st period - Shot Misses the Net. 10:10 of 1st period - Shot by Travis Zajac. 10:10 of 1st period - Stopped by Jaroslav Halak with a rebound. 10:12 of 1st period - Shot by Travis Zajac. 10:12 of 1st period - Shot Misses the Net. 10:35 of 1st period - Off-side. 10:36 of 1st period - William Karlsson wins face-off versus Victor Rask in neutral zone. 10:43 of 1st period - Icing by Brendan Lemieux. 10:44 of 1st period - William Karlsson wins face-off versus Victor Rask in VANCOUVER VOODOO zone. 10:49 of 1st period - Shot by William Karlsson. 10:49 of 1st period - Stopped by Braden Holtby without a rebound. 10:50 of 1st period - William Karlsson wins face-off versus Victor Rask in VANCOUVER VOODOO zone. 11:21 of 1st period - Shot by Anders Lee. 11:21 of 1st period - Goal by Anders Lee - RENO LIONS : 1 - VANCOUVER VOODOO : 1. 11:22 of 1st period - Leo Komarov wins face-off versus Adam Gaudette in neutral zone. 11:42 of 1st period - Icing by Mike Green. 11:43 of 1st period - Adam Gaudette wins face-off versus William Karlsson in VANCOUVER VOODOO zone. 11:43 of 1st period - Andrew Shaw is hit by Blake Coleman and loses puck. 12:57 of 1st period - Icing by Oscar Klefbom. 12:58 of 1st period - Travis Zajac wins face-off versus Leo Komarov in RENO LIONS zone. 13:07 of 1st period - Shot by Travis Zajac. 13:07 of 1st period - Shot Misses the Net. 13:23 of 1st period - Shot by Gustav Nyquist. 13:23 of 1st period - Stopped by Jaroslav Halak with a rebound. 13:44 of 1st period - Icing by Oscar Klefbom. 13:45 of 1st period - Victor Rask wins face-off versus Leo Komarov in RENO LIONS zone. 13:45 of 1st period - Noel Acciari is hit by Jacob Trouba and loses puck. 13:55 of 1st period - Noel Acciari is hit by Jacob Trouba and loses puck. 14:21 of 1st period - Brendan Lemieux is hit by Jacob Trouba and loses puck. 16:09 of 1st period - Icing by Mark Jankowski. 16:10 of 1st period - Nicolas Roy wins face-off versus Elias Pettersson in VANCOUVER VOODOO zone. 16:28 of 1st period - Paul Byron is hit by Robert Hagg and loses puck. 16:54 of 1st period - Max Jones is hit by Robert Hagg and loses puck. 17:03 of 1st period - Shot by Andrew Shaw. 17:03 of 1st period - Shot Misses the Net. 17:04 of 1st period - Minor Penalty to Robert Hagg for Hooking. 17:05 of 1st period - Leo Komarov wins face-off versus Adam Gaudette in RENO LIONS zone. 18:04 of 1st period - Shot by Victor Rask. 18:04 of 1st period - Shot Blocked by Ryan Pulock. 19:02 of 1st period - Shot by Adam Gaudette. 19:02 of 1st period - Stopped by Jaroslav Halak without a rebound. 19:03 of 1st period - Blake Coleman wins face-off versus Brendan Lemieux in RENO LIONS zone. 19:03 of 1st period - Blake Coleman is hit by Brendan Lemieux. 19:44 of 1st period - Shot by Gustav Nyquist. 19:44 of 1st period - Stopped by Jaroslav Halak without a rebound. 19:45 of 1st period - Travis Zajac wins face-off versus Tomas Nosek in RENO LIONS zone. 19:48 of 1st period - Shot by Max Domi. 19:48 of 1st period - Shot Blocked by Robert Hagg. 19:58 of 1st period - Shot by Travis Zajac. 19:58 of 1st period - Shot Blocked by Ethan Bear. Goals for this period are 1 for RENO LIONS vs 1 for VANCOUVER VOODOO. Shots for this period are 4 for RENO LIONS vs 9 for VANCOUVER VOODOO. 2nd period 0:01 of 2nd period - William Karlsson wins face-off versus Victor Rask in neutral zone. 0:28 of 2nd period - Shot by Brendan Lemieux. 0:28 of 2nd period - Shot Blocked by Oscar Klefbom. 0:30 of 2nd period - Shot by Brendan Lemieux. 0:30 of 2nd period - Shot Blocked by Oscar Klefbom. 0:40 of 2nd period - Blake Coleman is hit by Brendan Lemieux and loses puck. 0:55 of 2nd period - Shot by Andrew Shaw. 0:55 of 2nd period - Stopped by Jaroslav Halak without a rebound. 0:56 of 2nd period - Elias Pettersson wins face-off versus Travis Zajac in RENO LIONS zone. 1:09 of 2nd period - Shot by Pierre-Luc Dubois. 1:09 of 2nd period - Stopped by Braden Holtby without a rebound. 1:10 of 2nd period - Adam Gaudette wins face-off versus Leo Komarov in VANCOUVER VOODOO zone. 1:10 of 2nd period - Adam Gaudette is hit by Leo Komarov. 1:15 of 2nd period - Icing by Andrew Shaw. 1:16 of 2nd period - Adam Gaudette wins face-off versus Evgeny Dadonov in VANCOUVER VOODOO zone. 1:22 of 2nd period - Adam Gaudette is hit by Ryan Pulock and loses puck. 1:43 of 2nd